Login

Colorado Avalanche vs Vegas Golden Knights

Created - 08 April 2024 at 23:08

Goals
1 2 3 T
Colorado Avalanche 1 1 0 2
Vegas Golden Knights 0 1 2 3
Shots
1 2 3 T
Colorado Avalanche 11 12 10 33
Vegas Golden Knights 10 22 5 37

GoalsPenalties
1st period
1. Colorado Avalanche , Nathan MacKinnon 10 (Bowen Byram 3, Tomas Tatar 3) at 1:24
No Penalty
2nd period
2. Vegas Golden Knights , Jack Eichel 8 (Mark Stone 6) at 1:09
3. Colorado Avalanche , Andrew Cogliano 1 (Bowen Byram 4, Caleb Jones 3) at 9:04
Pavel Dorofeyev (VGK) for Roughing (Minor) at 12:08
3rd period
4. Vegas Golden Knights , Paul Cotter 1 (Brett Howden 1) at 9:50
5. Vegas Golden Knights , Jack Eichel 9 (Jonathan Marchessault 10, Mark Stone 7) at 10:48 (PP)
Nicolas Hague (VGK) for Hooking (Minor) at 0:12
Artturi Lehkonen (COL) for Interference (Minor) at 2:13
Andrew Cogliano (COL) for Holding Stick (Minor) at 10:36
Cale Makar (COL) for Roughing (Minor) at 11:11
Goalie Stats
Alexandar Georgiev (COL), 34 saves from 37 shots - (0.919), L, 5-6-2, 59:25 minutes
Adin Hill (VGK), 31 saves from 33 shots - (0.939), W, 1-0-1, 60:00 minutes
3 StarsOfficial
1 - Jack Eichel (VGK)
2 - Paul Cotter (VGK)
3 - Mark Stone (VGK)
Referees : Wes McCauley and Jean Hebert
Linesman : Mark Shewchyk and Dennis Urban
Game Note
No Game Note
Finance
Level 1 -- Attendance: 5098 (84.97%) -- Ticket Income $509,800
Level 2 -- Attendance: 4868 (97.36%) -- Ticket Income $292,080
Level 3 -- Attendance: 2000 (100.00%) -- Ticket Income $70,000
Level 4 -- Attendance: 3414 (85.35%) -- Ticket Income $85,350
Luxury Box -- Attendance: 1000 (100.00%) -- Ticket Income $200,000
Game was played at the T-Mobile Arena.
Total Attendance: 16380 (91.00%)
Total Ticket Income: $1,157,230
Other Income: $567,043
Total Income: $1,724,273



Team Name Goals Shots Shots Attemp Shots Blocked PIM HIT PP PK FO%
Colorado Avalanche 2336276120 / 2 (0%)145%
Vegas Golden Knights 33767104181 / 3 (33%)055%

Colorado Avalanche
Player Name POS G A P +/- PIM HIT SHT SB MP PP MP PP SHT PK MP PK SHT FO% FOT GA TA
Andrew CoglianoC101-1222119:500:0000:5300% 211
Artturi LehkonenLW0001212022:332:2110:0000% 200
Bowen ByramD0221011022:132:5202:2100% 011
Brad HuntD000000000:000:0000:0000% 000
Cale MakarD000-1200225:152:5201:0500% 010
Caleb JonesD0111000115:390:0000:0000% 010
Fredrik OlofssonLW000100007:130:0000:5400% 000
Jack JohnsonD0000002017:491:0611:4900% 000
Joel KivirantaLW000102006:090:0000:000100% 100
Jonathan DrouinLW0000002012:380:0000:5300% 210
Josh MansonD000-1031020:470:0000:3500% 002
Logan O'ConnorRW0000000012:130:0000:0000% 100
Mikko RantanenRW0001006122:242:2100:000100% 410
Nathan MacKinnonC1011006022:242:2110:00048% 3121
Ross ColtonC0000011115:591:3702:23050% 1000
Ryan JohansenC000-2004016:261:3700:54041% 1701
Samuel GirardD0000004118:301:0612:3000% 011
Tomas TatarLW011-2022017:451:3702:2300% 100
Vegas Golden Knights
Player Name POS G A P +/- PIM HIT SHT SB MP PP MP PP SHT PK MP PK SHT FO% FOT GA TA
Alex PietrangeloD0000027124:251:2502:3700% 011
Brayden McNabbD0000001121:070:0000:4600% 001
Brayden PachalD0002010017:030:0002:3700% 010
Brett HowdenC0110011011:120:0000:00050% 1210
Ivan BarbashevLW0000002016:521:5501:2400% 111
Jack EichelC2021014015:592:1510:00069% 1600
Jonathan MarchessaultLW0111021016:292:4500:000100% 110
Keegan KolesarRW0000000010:580:0000:0000% 000
Mark StoneRW0221010019:412:1502:34067% 301
Michael AmadioRW0000010015:261:5500:000100% 110
Nicolas HagueD000-2200317:320:0000:3500% 000
Nicolas RoyRW0000002016:521:5501:24040% 1510
Paul CotterLW1010045010:580:0000:0000% 001
Pavel DorofeyevLW000-1202012:300:0000:000100% 100
Shea TheodoreD000-2003119:422:4510:0000% 001
William CarrierLW000-1022015:001:2500:0000% 102
William KarlssonC000-1015318:212:1502:34155% 2000
Zach WhitecloudD0002022115:530:0001:2100% 001

Colorado Avalanche

5 vs 5 Forward
Line #Left WingCenterRight WingPHYDFOFWanted %Time %Time Play
1Artturi LehkonenNathan MacKinnonMikko Rantanen1044038%19:08
2Tomas TatarRyan JohansenAndrew Cogliano1043027%13:55
3Jonathan DrouinRoss ColtonLogan O'Connor1132023%11:31
4Joel KivirantaAndrew CoglianoFredrik Olofsson1221012%6:09
5 vs 5 Defense
Line #DefenseDefensePHYDFOFWanted %Time %Time Play
1Cale MakarJosh Manson0414040%20:14
2Jack JohnsonSamuel Girard0413029%14:54
3Bowen ByramCaleb Jones0413031%15:33
4Cale MakarBowen Byram12200%0:02
Power Play Forward
Line #Left WingCenterRight WingPHYDFOFWanted %Time %Time Play
1Artturi LehkonenNathan MacKinnonMikko Rantanen0056059%2:21
2Tomas TatarRyan JohansenRoss Colton0054041%1:37
Power Play Defense
Line #DefenseDefensePHYDFOFWanted %Time %Time Play
1Cale MakarBowen Byram0056072%2:52
2Jack JohnsonSamuel Girard0054028%1:06
Penalty Kill 4 Players Forward
Line #CenterWingPHYDFOFWanted %Time %Time Play
1Ross ColtonTomas Tatar1316078%3:16
2Ryan JohansenFredrik Olofsson1314022%0:54
Penalty Kill 4 Players Defense
Line #DefenseDefensePHYDFOFWanted %Time %Time Play
1Cale MakarBowen Byram1405056%2:21
2Jack JohnsonSamuel Girard1315044%1:49
Penalty Kill 3 Players
Line #WingPHYDFOFWanted %Time %Time PlayDefenseDefensePHYDFOFWanted %Time %Time Play
1Ross Colton122600%0:00 Cale MakarBowen Byram122600%0:00
2Ryan Johansen122400%0:00 Jack JohnsonSamuel Girard122400%0:00
4 vs 4 Forward
Line #CenterWingPHYDFOFWanted %Time %Time Play
1Nathan MacKinnonArtturi Lehkonen104600%0:00
2Ryan JohansenTomas Tatar113400%0:00
4 vs 4 Defense
Line #DefensePHYDFOFWanted %Time %Time Play
1Cale MakarBowen Byram104600%0:00
2Jack JohnsonSamuel Girard122400%0:00
Last Minutes Offensive
Left WingCenterRight WingDefenseDefense
Artturi LehkonenNathan MacKinnonMikko RantanenCale MakarBowen Byram
Last Minutes Defensive
Left WingCenterRight WingDefenseDefense
Artturi LehkonenNathan MacKinnonMikko RantanenCale MakarBowen Byram
Time
Total ForwardTotal DefenseLast Minutes OffensiveLast Minutes Defensive
60:00 60:00 1:090:00
Extra Forwards
Normal PowerPlayPenalty Kill
Tomas Tatar, Ryan Johansen, Ross ColtonTomas Tatar, Ryan JohansenTomas Tatar
Extra Defensemen
Normal PowerPlayPenalty Kill
Samuel Girard, Josh Manson, Caleb JonesSamuel Girard, Samuel GirardJosh Manson
Penalty Shots
Mikko Rantanen, Nathan MacKinnon, Ryan Johansen, Artturi Lehkonen, Tomas Tatar
Goalie
Alexandar Georgiev, Pavel Francouz
Custom OT Lines Forwards
Mikko Rantanen, Nathan MacKinnon, Fredrik Olofsson, Artturi Lehkonen, Tomas Tatar, Ryan Johansen, Ross Colton, Logan O'Connor, Jonathan Drouin, Andrew Cogliano
Custom OT Lines Defensemen
Cale Makar, Bowen Byram, Jack Johnson, Samuel Girard, Josh Manson
Scratches
Valeri Nichushkin (Sprained Left Finger Injury), Devon Toews (Suspend), Justus Annunen (Healthy)

Vegas Golden Knights

5 vs 5 Forward
Line #Left WingCenterRight WingPHYDFOFWanted %Time %Time Play
1Jonathan MarchessaultJack EichelMark Stone1132827%13:46
2William CarrierWilliam KarlssonPavel Dorofeyev1222625%12:31
3Ivan BarbashevNicolas RoyMichael Amadio1222527%13:31
4Paul CotterBrett HowdenKeegan Kolesar2212122%10:58
5 vs 5 Defense
Line #DefenseDefensePHYDFOFWanted %Time %Time Play
1Brayden McNabbAlex Pietrangelo2213535%17:41
2Nicolas HagueShea Theodore2213332%16:24
3Brayden PachalZach Whitecloud2212828%14:24
4Brayden McNabbAlex Pietrangelo22144%2:17
Power Play Forward
Line #Left WingCenterRight WingPHYDFOFWanted %Time %Time Play
1Jack EichelWilliam KarlssonMark Stone0145554%2:15
2Ivan BarbashevNicolas RoyMichael Amadio0144546%1:55
Power Play Defense
Line #DefenseDefensePHYDFOFWanted %Time %Time Play
1Jonathan MarchessaultShea Theodore0055566%2:45
2William CarrierAlex Pietrangelo0144534%1:25
Penalty Kill 4 Players Forward
Line #CenterWingPHYDFOFWanted %Time %Time Play
1William KarlssonMark Stone1315665%2:34
2Nicolas RoyIvan Barbashev1314435%1:24
Penalty Kill 4 Players Defense
Line #DefenseDefensePHYDFOFWanted %Time %Time Play
1Brayden PachalAlex Pietrangelo2305666%2:37
2Nicolas HagueZach Whitecloud2304434%1:21
Penalty Kill 3 Players
Line #WingPHYDFOFWanted %Time %Time PlayDefenseDefensePHYDFOFWanted %Time %Time Play
1Jack Eichel140570%0:00 Brayden McNabbZach Whitecloud230570%0:00
2Ivan Barbashev140430%0:00 Brayden McNabbAlex Pietrangelo230430%0:00
4 vs 4 Forward
Line #CenterWingPHYDFOFWanted %Time %Time Play
1Brett HowdenMichael Amadio122520%0:00
2William KarlssonIvan Barbashev122480%0:00
4 vs 4 Defense
Line #DefensePHYDFOFWanted %Time %Time Play
1Nicolas HagueZach Whitecloud131520%0:00
2Brayden McNabbShea Theodore131480%0:00
Last Minutes Offensive
Left WingCenterRight WingDefenseDefense
Jonathan MarchessaultJack EichelMark StoneAlex PietrangeloShea Theodore
Last Minutes Defensive
Left WingCenterRight WingDefenseDefense
William CarrierWilliam KarlssonMark StoneBrayden McNabbAlex Pietrangelo
Time
Total ForwardTotal DefenseLast Minutes OffensiveLast Minutes Defensive
60:00 60:00 0:001:06
Extra Forwards
Normal PowerPlayPenalty Kill
Jack Eichel, William Karlsson, Mark StoneNicolas Roy, William KarlssonMichael Amadio
Extra Defensemen
Normal PowerPlayPenalty Kill
Alex Pietrangelo, Shea Theodore, Brayden McNabbAlex Pietrangelo, Nicolas HagueAlex Pietrangelo
Penalty Shots
Jack Eichel, Jonathan Marchessault, Paul Cotter, Shea Theodore, Mark Stone
Goalie
Adin Hill, Logan Thompson
Custom OT Lines Forwards
William Karlsson, Mark Stone, Jack Eichel, Jonathan Marchessault, Nicolas Roy, Ivan Barbashev, William Carrier, Michael Amadio, Paul Cotter, Keegan Kolesar
Custom OT Lines Defensemen
Shea Theodore, Alex Pietrangelo, Brayden McNabb, Nicolas Hague, Zach Whitecloud
Scratches
Alec Martinez (Healthy), Chandler Stephenson (Broken Bone (Left Foot) Injury)


Play-by-Play

1st period


0:01 of 1st period - Nathan MacKinnon wins face-off versus Jack Eichel in neutral zone.
0:04 of 1st period - Snap shot by Mikko Rantanen.
0:04 of 1st period - Stopped by Adin Hill with a rebound.
0:09 of 1st period - Icing by Jonathan Marchessault.
0:10 of 1st period - Mark Stone wins face-off versus Nathan MacKinnon in Vegas Golden Knights zone.
0:23 of 1st period - Snap shot by Jack Eichel.
0:23 of 1st period - Stopped by Alexandar Georgiev without a rebound.
0:24 of 1st period - Ryan Johansen wins face-off versus William Karlsson in Colorado Avalanche zone.
0:29 of 1st period - Wrist shot by Ryan Johansen.
0:29 of 1st period - Stopped by Adin Hill with a rebound.
0:31 of 1st period - Slapshot by Jack Johnson.
0:31 of 1st period - Stopped by Adin Hill with a rebound.
0:33 of 1st period - Snap shot by Samuel Girard.
0:33 of 1st period - Stopped by Adin Hill with a rebound.
0:35 of 1st period - Snap shot by Andrew Cogliano.
0:35 of 1st period - Deflect By Tomas Tatar.
0:35 of 1st period - Shot Blocked by Shea Theodore.
0:35 of 1st period - Puck is out of play.
0:36 of 1st period - Ross Colton wins face-off versus Nicolas Roy in Vegas Golden Knights zone.
0:36 of 1st period - Bowen Byram is hit by Brayden Pachal and loses puck.
1:03 of 1st period - Brayden Pachal is hit by Tomas Tatar and loses puck.
1:24 of 1st period - Slapshot by Bowen Byram.
1:24 of 1st period - Deflect By Nathan MacKinnon.
1:24 of 1st period - Goal by Nathan MacKinnon - Colorado Avalanche : 1 - Vegas Golden Knights : 0.
1:25 of 1st period - William Karlsson wins face-off versus Andrew Cogliano in neutral zone.
2:21 of 1st period - Michael Amadio is hit by Ross Colton and loses puck.
2:42 of 1st period - Nicolas Hague is hit by Andrew Cogliano and loses puck.
3:20 of 1st period - Snap shot by Jonathan Marchessault.
3:20 of 1st period - Shot Misses the Net.
3:38 of 1st period - Wrist shot by Nicolas Roy.
3:38 of 1st period - Stopped by Alexandar Georgiev without a rebound.
3:39 of 1st period - Brett Howden wins face-off versus Nathan MacKinnon in Colorado Avalanche zone.
3:40 of 1st period - Slapshot by Alex Pietrangelo.
3:40 of 1st period - Shot Misses the Net.
4:25 of 1st period - Icing by Brayden McNabb.
4:26 of 1st period - Michael Amadio wins face-off versus Ryan Johansen in Vegas Golden Knights zone.
4:54 of 1st period - Wrist shot by Mikko Rantanen.
4:54 of 1st period - Shot Misses the Net.
4:56 of 1st period - Wrist shot by Nathan MacKinnon.
4:56 of 1st period - Shot Blocked by Zach Whitecloud.
5:58 of 1st period - Slapshot by Bowen Byram.
5:58 of 1st period - Stopped by Adin Hill without a rebound.
5:59 of 1st period - Nicolas Roy wins face-off versus Ryan Johansen in Vegas Golden Knights zone.
6:03 of 1st period - Off-side.
6:04 of 1st period - Nathan MacKinnon wins face-off versus Jack Eichel in neutral zone.
6:19 of 1st period - Josh Manson is hit by Jonathan Marchessault and loses puck.
6:28 of 1st period - Jonathan Marchessault is hit by Josh Manson and loses puck.
6:35 of 1st period - Snap shot by Nathan MacKinnon.
6:35 of 1st period - Shot Misses the Net.
6:37 of 1st period - Snap shot by Mikko Rantanen.
6:37 of 1st period - Shot Hit the Post.
6:41 of 1st period - Snap shot by Mikko Rantanen.
6:41 of 1st period - Stopped by Adin Hill with a rebound.
6:43 of 1st period - Snap shot by Nathan MacKinnon.
6:43 of 1st period - Stopped by Adin Hill with a rebound.
6:45 of 1st period - Slapshot by Josh Manson.
6:45 of 1st period - Stopped by Adin Hill with a rebound.
7:21 of 1st period - Wrist shot by Mikko Rantanen.
7:21 of 1st period - Shot Misses the Net.
7:37 of 1st period - Slapshot by Jonathan Marchessault.
7:37 of 1st period - Shot Misses the Net.
8:15 of 1st period - Snap shot by Jack Eichel.
8:15 of 1st period - Deflect By Jonathan Marchessault.
8:15 of 1st period - Shot Misses the Net.
8:15 of 1st period - Puck is out of play.
8:16 of 1st period - Ryan Johansen wins face-off versus Nicolas Roy in Colorado Avalanche zone.
8:43 of 1st period - Samuel Girard is hit by Paul Cotter and loses puck.
8:54 of 1st period - Slapshot by Shea Theodore.
8:54 of 1st period - Stopped by Alexandar Georgiev without a rebound.
8:55 of 1st period - Ross Colton wins face-off versus William Carrier in Colorado Avalanche zone.
9:59 of 1st period - Wrist shot by William Carrier.
9:59 of 1st period - Stopped by Alexandar Georgiev without a rebound.
10:00 of 1st period - Ross Colton wins face-off versus William Karlsson in Colorado Avalanche zone.
10:23 of 1st period - Nicolas Roy is hit by Joel Kiviranta and loses puck.
10:56 of 1st period - Snap shot by Pavel Dorofeyev.
10:56 of 1st period - Shot Blocked by Andrew Cogliano.
12:36 of 1st period - Wrist shot by Paul Cotter.
12:36 of 1st period - Shot Blocked by Caleb Jones.
13:16 of 1st period - Wrist shot by William Karlsson.
13:16 of 1st period - Shot Misses the Net.
13:18 of 1st period - Wrist shot by Pavel Dorofeyev.
13:18 of 1st period - Stopped by Alexandar Georgiev with a rebound.
13:20 of 1st period - Snap shot by William Karlsson.
13:20 of 1st period - Stopped by Alexandar Georgiev without a rebound.
13:21 of 1st period - Nathan MacKinnon wins face-off versus Brett Howden in Colorado Avalanche zone.
13:26 of 1st period - Snap shot by Mikko Rantanen.
13:26 of 1st period - Stopped by Adin Hill without a rebound.
13:27 of 1st period - Nathan MacKinnon wins face-off versus Brett Howden in Vegas Golden Knights zone.
13:39 of 1st period - Off-side.
13:40 of 1st period - Ryan Johansen wins face-off versus William Karlsson in neutral zone.
13:43 of 1st period - Snap shot by Ryan Johansen.
13:43 of 1st period - Stopped by Adin Hill with a rebound.
15:20 of 1st period - Snap shot by Andrew Cogliano.
15:20 of 1st period - Shot Blocked by William Karlsson.
15:22 of 1st period - Wrist shot by Joel Kiviranta.
15:22 of 1st period - Shot Blocked by William Karlsson.
15:42 of 1st period - Slapshot by Andrew Cogliano.
15:42 of 1st period - Deflect By Joel Kiviranta.
15:42 of 1st period - Shot Misses the Net.
15:42 of 1st period - Puck is out of play.
15:43 of 1st period - Nicolas Roy wins face-off versus Nathan MacKinnon in Vegas Golden Knights zone.
16:35 of 1st period - Jack Eichel is hit by Bowen Byram and loses puck.
17:32 of 1st period - Slapshot by Keegan Kolesar.
17:32 of 1st period - Shot Misses the Net.
17:34 of 1st period - Slapshot by Shea Theodore.
17:34 of 1st period - Stopped by Alexandar Georgiev without a rebound.
17:35 of 1st period - Nathan MacKinnon wins face-off versus Brett Howden in Colorado Avalanche zone.
17:47 of 1st period - Off-side.
17:48 of 1st period - Jack Eichel wins face-off versus Ryan Johansen in neutral zone.
18:03 of 1st period - Wrist shot by Jack Eichel.
18:03 of 1st period - Stopped by Alexandar Georgiev with a rebound.
18:05 of 1st period - Slapshot by Alex Pietrangelo.
18:05 of 1st period - Stopped by Alexandar Georgiev with a rebound.
19:19 of 1st period - Andrew Cogliano is hit by Paul Cotter and loses puck.
19:28 of 1st period - Snap shot by Brett Howden.
19:28 of 1st period - Deflect By Ryan Johansen.
19:28 of 1st period - Stopped by Alexandar Georgiev without a rebound.
19:29 of 1st period - Jonathan Marchessault wins face-off versus Artturi Lehkonen in Colorado Avalanche zone.
Goals for this period are 1 for Colorado Avalanche vs 0 for Vegas Golden Knights.
Shots for this period are 11 for Colorado Avalanche vs 10 for Vegas Golden Knights.

2nd period


0:01 of 2nd period - Nicolas Roy wins face-off versus Ryan Johansen in neutral zone.
0:14 of 2nd period - Slapshot by Alex Pietrangelo.
0:14 of 2nd period - Shot Misses the Net.
0:35 of 2nd period - Icing by Brayden McNabb.
0:36 of 2nd period - Mikko Rantanen wins face-off versus William Karlsson in Vegas Golden Knights zone.
0:55 of 2nd period - Slapshot by Alex Pietrangelo.
0:55 of 2nd period - Shot Blocked by Cale Makar.
0:57 of 2nd period - Snap shot by Pavel Dorofeyev.
0:57 of 2nd period - Deflect By Cale Makar.
0:57 of 2nd period - Stopped by Alexandar Georgiev without a rebound.
0:58 of 2nd period - Jack Eichel wins face-off versus Ryan Johansen in Colorado Avalanche zone.
1:01 of 2nd period - Wrist shot by Jonathan Marchessault.
1:01 of 2nd period - Stopped by Alexandar Georgiev without a rebound.
1:02 of 2nd period - Jack Eichel wins face-off versus Ryan Johansen in Colorado Avalanche zone.
1:09 of 2nd period - Backhand shot by Jack Eichel.
1:09 of 2nd period - Goal by Jack Eichel - Colorado Avalanche : 1 - Vegas Golden Knights : 1.
1:10 of 2nd period - Jack Eichel wins face-off versus Andrew Cogliano in neutral zone.
2:27 of 2nd period - Slapshot by Ryan Johansen.
2:27 of 2nd period - Stopped by Adin Hill with a rebound.
2:39 of 2nd period - Bowen Byram is hit by Jonathan Marchessault and loses puck.
3:33 of 2nd period - Slapshot by Cale Makar.
3:33 of 2nd period - Shot Blocked by Nicolas Hague.
3:56 of 2nd period - Slapshot by Alex Pietrangelo.
3:56 of 2nd period - Shot Misses the Net.
3:58 of 2nd period - Slapshot by Brayden McNabb.
3:58 of 2nd period - Stopped by Alexandar Georgiev without a rebound.
3:59 of 2nd period - Mikko Rantanen wins face-off versus Brett Howden in Colorado Avalanche zone.
3:59 of 2nd period - Mikko Rantanen is hit by Paul Cotter.
4:05 of 2nd period - Slapshot by Nathan MacKinnon.
4:05 of 2nd period - Stopped by Adin Hill with a rebound.
4:15 of 2nd period - Wrist shot by Paul Cotter.
4:15 of 2nd period - Stopped by Alexandar Georgiev without a rebound.
4:16 of 2nd period - Pavel Dorofeyev wins face-off versus Ryan Johansen in Colorado Avalanche zone.
4:19 of 2nd period - Slapshot by William Karlsson.
4:19 of 2nd period - Stopped by Alexandar Georgiev without a rebound.
4:20 of 2nd period - Ryan Johansen wins face-off versus William Karlsson in Colorado Avalanche zone.
4:20 of 2nd period - Ryan Johansen is hit by Alex Pietrangelo.
4:28 of 2nd period - Wrist shot by Tomas Tatar.
4:28 of 2nd period - Shot Misses the Net.
5:08 of 2nd period - Snap shot by William Karlsson.
5:08 of 2nd period - Stopped by Alexandar Georgiev without a rebound.
5:09 of 2nd period - Nathan MacKinnon wins face-off versus Nicolas Roy in Colorado Avalanche zone.
5:24 of 2nd period - Slapshot by Nathan MacKinnon.
5:24 of 2nd period - Shot Misses the Net.
6:20 of 2nd period - Jonathan Marchessault is hit by Artturi Lehkonen and loses puck.
6:25 of 2nd period - Wrist shot by Nathan MacKinnon.
6:25 of 2nd period - Stopped by Adin Hill without a rebound.
6:26 of 2nd period - Nathan MacKinnon wins face-off versus Nicolas Roy in Vegas Golden Knights zone.
6:33 of 2nd period - Snap shot by Nicolas Roy.
6:33 of 2nd period - Shot Misses the Net.
6:35 of 2nd period - Snap shot by Zach Whitecloud.
6:35 of 2nd period - Stopped by Alexandar Georgiev with a rebound.
6:37 of 2nd period - Snap shot by Nicolas Roy.
6:37 of 2nd period - Stopped by Alexandar Georgiev without a rebound.
6:38 of 2nd period - Nathan MacKinnon wins face-off versus Nicolas Roy in Colorado Avalanche zone.
6:49 of 2nd period - Wrist shot by Ivan Barbashev.
6:49 of 2nd period - Stopped by Alexandar Georgiev with a rebound.
6:51 of 2nd period - Snap shot by Brayden Pachal.
6:51 of 2nd period - Shot Blocked by Samuel Girard.
6:53 of 2nd period - Slapshot by Zach Whitecloud.
6:53 of 2nd period - Stopped by Alexandar Georgiev without a rebound.
6:54 of 2nd period - Ryan Johansen wins face-off versus William Karlsson in Colorado Avalanche zone.
7:21 of 2nd period - Mikko Rantanen is hit by Paul Cotter and loses puck.
7:28 of 2nd period - Snap shot by Paul Cotter.
7:28 of 2nd period - Shot Misses the Net.
7:47 of 2nd period - Snap shot by Jonathan Drouin.
7:47 of 2nd period - Stopped by Adin Hill without a rebound.
7:48 of 2nd period - Nicolas Roy wins face-off versus Jonathan Drouin in Vegas Golden Knights zone.
8:10 of 2nd period - Icing by Ross Colton.
8:11 of 2nd period - Ross Colton wins face-off versus William Karlsson in Colorado Avalanche zone.
8:11 of 2nd period - Ross Colton is hit by William Carrier.
8:27 of 2nd period - Slapshot by Alex Pietrangelo.
8:27 of 2nd period - Stopped by Alexandar Georgiev without a rebound.
8:28 of 2nd period - Brett Howden wins face-off versus Nathan MacKinnon in Colorado Avalanche zone.
8:55 of 2nd period - Brayden Pachal is hit by Andrew Cogliano and loses puck.
9:04 of 2nd period - Wrist shot by Andrew Cogliano.
9:04 of 2nd period - Goal by Andrew Cogliano - Colorado Avalanche : 2 - Vegas Golden Knights : 1.
9:05 of 2nd period - William Karlsson wins face-off versus Ryan Johansen in neutral zone.
9:42 of 2nd period - Wrist shot by Alex Pietrangelo.
9:42 of 2nd period - Deflect By Ivan Barbashev.
9:42 of 2nd period - Stopped by Alexandar Georgiev with a rebound.
10:19 of 2nd period - Slapshot by Andrew Cogliano.
10:19 of 2nd period - Shot Misses the Net.
10:21 of 2nd period - Slapshot by Bowen Byram.
10:21 of 2nd period - Shot Misses the Net.
10:52 of 2nd period - Slapshot by Ryan Johansen.
10:52 of 2nd period - Shot Misses the Net.
11:02 of 2nd period - Slapshot by Shea Theodore.
11:02 of 2nd period - Shot Blocked by Cale Makar.
11:04 of 2nd period - Snap shot by Paul Cotter.
11:04 of 2nd period - Stopped by Alexandar Georgiev without a rebound.
11:05 of 2nd period - Brett Howden wins face-off versus Logan O'Connor in Colorado Avalanche zone.
11:16 of 2nd period - Snap shot by Paul Cotter.
11:16 of 2nd period - Shot Misses the Net.
11:22 of 2nd period - Cale Makar is hit by Brett Howden and loses puck.
11:37 of 2nd period - Slapshot by Alex Pietrangelo.
11:37 of 2nd period - Stopped by Alexandar Georgiev without a rebound.
11:38 of 2nd period - William Karlsson wins face-off versus Nathan MacKinnon in Colorado Avalanche zone.
11:47 of 2nd period - Wrist shot by William Karlsson.
11:47 of 2nd period - Deflect By Mikko Rantanen.
11:47 of 2nd period - Stopped by Alexandar Georgiev without a rebound.
11:48 of 2nd period - Nathan MacKinnon wins face-off versus William Karlsson in Colorado Avalanche zone.
11:53 of 2nd period - Slapshot by Mikko Rantanen.
11:53 of 2nd period - Stopped by Adin Hill with a rebound.
12:08 of 2nd period - Minor Penalty to Pavel Dorofeyev for Roughing.
12:09 of 2nd period - William Karlsson wins face-off versus Nathan MacKinnon in Vegas Golden Knights zone.
12:18 of 2nd period - Off-side.
12:19 of 2nd period - Nathan MacKinnon wins face-off versus Mark Stone in neutral zone.
12:35 of 2nd period - Snap shot by Nathan MacKinnon.
12:35 of 2nd period - Stopped by Adin Hill with a rebound.
12:55 of 2nd period - Slapshot by Mikko Rantanen.
12:55 of 2nd period - Shot Blocked by William Karlsson.
12:57 of 2nd period - Wrist shot by Artturi Lehkonen.
12:57 of 2nd period - Stopped by Adin Hill without a rebound.
12:58 of 2nd period - Ryan Johansen wins face-off versus Nicolas Roy in Vegas Golden Knights zone.
12:59 of 2nd period - Snap shot by Tomas Tatar.
12:59 of 2nd period - Shot Hit the Post.
13:01 of 2nd period - Snap shot by Jack Johnson.
13:01 of 2nd period - Shot Misses the Net.
13:03 of 2nd period - Wrist shot by Ross Colton.
13:03 of 2nd period - Shot Misses the Net.
13:05 of 2nd period - Slapshot by Jack Johnson.
13:05 of 2nd period - Stopped by Adin Hill with a rebound.
13:07 of 2nd period - Wrist shot by Ross Colton.
13:07 of 2nd period - Shot Blocked by Nicolas Hague.
13:09 of 2nd period - Slapshot by Tomas Tatar.
13:09 of 2nd period - Shot Blocked by Nicolas Hague.
13:11 of 2nd period - Wrist shot by Samuel Girard.
13:11 of 2nd period - Stopped by Adin Hill without a rebound.
13:12 of 2nd period - William Karlsson wins face-off versus Nathan MacKinnon in Vegas Golden Knights zone.
14:08 of 2nd period - Penalty to Pavel Dorofeyev is over, Pavel Dorofeyev is back on ice.
14:15 of 2nd period - Slapshot by Samuel Girard.
14:15 of 2nd period - Stopped by Adin Hill without a rebound.
14:16 of 2nd period - Joel Kiviranta wins face-off versus Brett Howden in Vegas Golden Knights zone.
14:19 of 2nd period - Wrist shot by Andrew Cogliano.
14:19 of 2nd period - Stopped by Adin Hill with a rebound.
14:29 of 2nd period - Snap shot by Paul Cotter.
14:29 of 2nd period - Stopped by Alexandar Georgiev without a rebound.
14:30 of 2nd period - Nathan MacKinnon wins face-off versus Ivan Barbashev in Colorado Avalanche zone.
15:01 of 2nd period - Wrist shot by Tomas Tatar.
15:01 of 2nd period - Shot Misses the Net.
15:03 of 2nd period - Slapshot by Caleb Jones.
15:03 of 2nd period - Shot Misses the Net.
15:16 of 2nd period - Icing by William Karlsson.
15:17 of 2nd period - William Karlsson wins face-off versus Jonathan Drouin in Vegas Golden Knights zone.
15:24 of 2nd period - Snap shot by Pavel Dorofeyev.
15:24 of 2nd period - Shot Misses the Net.
15:26 of 2nd period - Backhand shot by Pavel Dorofeyev.
15:26 of 2nd period - Shot Misses the Net.
15:28 of 2nd period - Wrist shot by William Carrier.
15:28 of 2nd period - Stopped by Alexandar Georgiev without a rebound.
15:29 of 2nd period - Ryan Johansen wins face-off versus Nicolas Roy in Colorado Avalanche zone.
15:43 of 2nd period - Icing by Michael Amadio.
15:44 of 2nd period - Nathan MacKinnon wins face-off versus Nicolas Roy in Vegas Golden Knights zone.
16:07 of 2nd period - Slapshot by Alex Pietrangelo.
16:07 of 2nd period - Stopped by Alexandar Georgiev without a rebound.
16:08 of 2nd period - Jack Eichel wins face-off versus Ryan Johansen in Colorado Avalanche zone.
17:31 of 2nd period - Snap shot by Alex Pietrangelo.
17:31 of 2nd period - Deflect By Cale Makar.
17:31 of 2nd period - Stopped by Alexandar Georgiev without a rebound.
17:32 of 2nd period - Nathan MacKinnon wins face-off versus Jack Eichel in Colorado Avalanche zone.
18:59 of 2nd period - Icing by Nathan MacKinnon.
19:00 of 2nd period - Jack Eichel wins face-off versus Nathan MacKinnon in Colorado Avalanche zone.
19:16 of 2nd period - Wrist shot by Jonathan Marchessault.
19:16 of 2nd period - Shot Blocked by Mikko Rantanen.
19:26 of 2nd period - Mikko Rantanen is hit by Michael Amadio and loses puck.
19:35 of 2nd period - Snap shot by Alex Pietrangelo.
19:35 of 2nd period - Deflect By Mikko Rantanen.
19:35 of 2nd period - Stopped by Alexandar Georgiev with a rebound.
19:37 of 2nd period - Slapshot by Alex Pietrangelo.
19:37 of 2nd period - Stopped by Alexandar Georgiev with a rebound.
19:39 of 2nd period - Snap shot by Ivan Barbashev.
19:39 of 2nd period - Shot Misses the Net.
19:55 of 2nd period - Ryan Johansen is hit by Alex Pietrangelo and loses puck.
Goals for this period are 1 for Colorado Avalanche vs 1 for Vegas Golden Knights.
Shots for this period are 12 for Colorado Avalanche vs 22 for Vegas Golden Knights.

3rd period


0:01 of 3rd period - Jack Eichel wins face-off versus Ryan Johansen in neutral zone.
0:12 of 3rd period - Minor Penalty to Nicolas Hague for Hooking.
0:13 of 3rd period - William Karlsson wins face-off versus Artturi Lehkonen in Vegas Golden Knights zone.
1:01 of 3rd period - Icing by Cale Makar.
1:02 of 3rd period - William Karlsson wins face-off versus Nathan MacKinnon in Colorado Avalanche zone.
1:05 of 3rd period - Slapshot by William Karlsson.
1:05 of 3rd period - Stopped by Alexandar Georgiev with a rebound.
1:36 of 3rd period - Slapshot by Samuel Girard.
1:36 of 3rd period - Shot Misses the Net.
2:12 of 3rd period - Penalty to Nicolas Hague is over, Nicolas Hague is back on ice.
2:13 of 3rd period - Minor Penalty to Artturi Lehkonen for Interference.
2:14 of 3rd period - Nicolas Roy wins face-off versus Ross Colton in Colorado Avalanche zone.
2:31 of 3rd period - Snap shot by Shea Theodore.
2:31 of 3rd period - Deflect By Ross Colton.
2:31 of 3rd period - Stopped by Alexandar Georgiev without a rebound.
2:32 of 3rd period - William Karlsson wins face-off versus Ross Colton in Colorado Avalanche zone.
2:33 of 3rd period - Snap shot by Jack Eichel.
2:33 of 3rd period - Shot Blocked by Ross Colton.
3:23 of 3rd period - Tomas Tatar is hit by Mark Stone.
4:13 of 3rd period - Penalty to Artturi Lehkonen is over, Artturi Lehkonen is back on ice.
4:17 of 3rd period - Jack Johnson is hit by William Karlsson and loses puck.
4:30 of 3rd period - Wrist shot by Nathan MacKinnon.
4:30 of 3rd period - Stopped by Adin Hill with a rebound.
4:47 of 3rd period - Cale Makar is hit by Zach Whitecloud and loses puck.
5:23 of 3rd period - Wrist shot by Ryan Johansen.
5:23 of 3rd period - Stopped by Adin Hill with a rebound.
5:34 of 3rd period - Icing by Keegan Kolesar.
5:35 of 3rd period - Nathan MacKinnon wins face-off versus Brett Howden in Vegas Golden Knights zone.
6:18 of 3rd period - Ivan Barbashev is hit by Josh Manson and loses puck.
6:46 of 3rd period - Snap shot by Tomas Tatar.
6:46 of 3rd period - Stopped by Adin Hill with a rebound.
6:48 of 3rd period - Wrist shot by Tomas Tatar.
6:48 of 3rd period - Stopped by Adin Hill with a rebound.
7:08 of 3rd period - Slapshot by Cale Makar.
7:08 of 3rd period - Shot Blocked by Brayden McNabb.
7:10 of 3rd period - Slapshot by Cale Makar.
7:10 of 3rd period - Shot Blocked by Alex Pietrangelo.
7:35 of 3rd period - Off-side.
7:36 of 3rd period - Jack Eichel wins face-off versus Nathan MacKinnon in neutral zone.
7:39 of 3rd period - Jack Johnson is hit by Zach Whitecloud and loses puck.
7:49 of 3rd period - Off-side.
7:50 of 3rd period - Jack Eichel wins face-off versus Nathan MacKinnon in neutral zone.
7:53 of 3rd period - Slapshot by Brayden Pachal.
7:53 of 3rd period - Shot Misses the Net.
7:55 of 3rd period - Slapshot by Zach Whitecloud.
7:55 of 3rd period - Deflect By Jonathan Marchessault.
7:55 of 3rd period - Deflect By Artturi Lehkonen.
7:55 of 3rd period - Shot Misses the Net.
7:55 of 3rd period - Puck is out of play.
7:56 of 3rd period - Jack Eichel wins face-off versus Nathan MacKinnon in Colorado Avalanche zone.
8:32 of 3rd period - Ross Colton is hit by William Carrier and loses puck.
8:56 of 3rd period - Off-side.
8:57 of 3rd period - Mikko Rantanen wins face-off versus Jack Eichel in neutral zone.
9:44 of 3rd period - Wrist shot by Paul Cotter.
9:44 of 3rd period - Stopped by Alexandar Georgiev without a rebound.
9:45 of 3rd period - Brett Howden wins face-off versus Tomas Tatar in Colorado Avalanche zone.
9:50 of 3rd period - Snap shot by Paul Cotter.
9:50 of 3rd period - Goal by Paul Cotter - Colorado Avalanche : 2 - Vegas Golden Knights : 2.
9:51 of 3rd period - Nathan MacKinnon wins face-off versus Jack Eichel in neutral zone.
9:56 of 3rd period - Slapshot by Samuel Girard.
9:56 of 3rd period - Stopped by Adin Hill with a rebound.
10:36 of 3rd period - Minor Penalty to Andrew Cogliano for Holding Stick.
10:37 of 3rd period - William Karlsson wins face-off versus Ross Colton in Colorado Avalanche zone.
10:44 of 3rd period - Wrist shot by Mark Stone.
10:44 of 3rd period - Shot Misses the Net.
10:46 of 3rd period - Backhand shot by Jonathan Marchessault.
10:46 of 3rd period - Shot Misses the Net.
10:48 of 3rd period - Wrist shot by Jack Eichel.
10:48 of 3rd period - Goal by Jack Eichel - Colorado Avalanche : 2 - Vegas Golden Knights : 3.
10:49 of 3rd period - Mark Stone wins face-off versus Nathan MacKinnon in neutral zone.
11:11 of 3rd period - Minor Penalty to Cale Makar for Roughing.
11:12 of 3rd period - Jack Eichel wins face-off versus Ross Colton in Colorado Avalanche zone.
12:09 of 3rd period - Fredrik Olofsson is hit by Jack Eichel and loses puck.
13:11 of 3rd period - Penalty to Cale Makar is over, Cale Makar is back on ice.
13:16 of 3rd period - Wrist shot by Brett Howden.
13:16 of 3rd period - Shot Misses the Net.
13:18 of 3rd period - Slapshot by Brayden Pachal.
13:18 of 3rd period - Shot Misses the Net.
13:20 of 3rd period - Wrist shot by Keegan Kolesar.
13:20 of 3rd period - Shot Misses the Net.
13:22 of 3rd period - Backhand shot by Zach Whitecloud.
13:22 of 3rd period - Shot Misses the Net.
13:24 of 3rd period - Wrist shot by Paul Cotter.
13:24 of 3rd period - Deflect By Keegan Kolesar.
13:24 of 3rd period - Shot Misses the Net.
13:24 of 3rd period - Puck is out of play.
13:25 of 3rd period - Brett Howden wins face-off versus Nathan MacKinnon in Colorado Avalanche zone.
13:41 of 3rd period - Brayden McNabb is hit by Josh Manson and loses puck.
14:34 of 3rd period - Zach Whitecloud is hit by Tomas Tatar and loses puck.
14:49 of 3rd period - Snap shot by Mikko Rantanen.
14:49 of 3rd period - Stopped by Adin Hill without a rebound.
14:50 of 3rd period - Mikko Rantanen wins face-off versus William Karlsson in Vegas Golden Knights zone.
15:55 of 3rd period - Wrist shot by Tomas Tatar.
15:55 of 3rd period - Shot Misses the Net.
15:57 of 3rd period - Snap shot by Artturi Lehkonen.
15:57 of 3rd period - Stopped by Adin Hill with a rebound.
16:20 of 3rd period - Off-side.
16:21 of 3rd period - Nicolas Roy wins face-off versus Ross Colton in neutral zone.
17:01 of 3rd period - Snap shot by Jonathan Drouin.
17:01 of 3rd period - Stopped by Adin Hill without a rebound.
17:02 of 3rd period - Brett Howden wins face-off versus Nathan MacKinnon in Vegas Golden Knights zone.
17:28 of 3rd period - Nicolas Hague is hit by Joel Kiviranta and loses puck.
18:29 of 3rd period - Off-side.
18:30 of 3rd period - Ross Colton wins face-off versus Nicolas Roy in neutral zone.
18:43 of 3rd period - Wrist shot by Jonathan Drouin.
18:43 of 3rd period - Shot Misses the Net.
18:45 of 3rd period - Snap shot by Ross Colton.
18:45 of 3rd period - Stopped by Adin Hill with a rebound.
18:47 of 3rd period - Wrist shot by Caleb Jones.
18:47 of 3rd period - Shot Misses the Net.
19:25 of 3rd period - Colorado Avalanche, Alexandar Georgiev is pulled from the net.
19:25 of 3rd period - Wrist shot by Mikko Rantanen.
19:25 of 3rd period - Stopped by Adin Hill without a rebound.
19:26 of 3rd period - Kaylen Peterson call a timeout for Colorado Avalanche.
19:26 of 3rd period - William Karlsson wins face-off versus Nathan MacKinnon in Vegas Golden Knights zone.
Goals for this period are 0 for Colorado Avalanche vs 2 for Vegas Golden Knights.
Shots for this period are 10 for Colorado Avalanche vs 5 for Vegas Golden Knights.